 Dungeon Crawl Stone Soup version 0.31-a0-1163-gcee99d1eea (webtiles) character file.

Game seed: 5817073242697066806

111 James the Ruffian (level 4, -2/29 HPs)
             Began as an Octopode Shapeshifter on Dec 9, 2023.
             Slain by a +3 spectral club (6 damage)
             ... created by Jessica
             ... on level 3 of the Dungeon.
             The game lasted 00:04:01 (2311 turns).

James the Ruffian (Octopode Shapeshifter)           Turns: 2311, Time: 00:04:02

Health: -2/29      AC:  1    Str: 15    XL:     4   Next: 92%
Magic:  4/4        EV: 13    Int: 12    God:
Gold:   74         SH:  0    Dex: 11    Spells: 3/3 levels left

rFire   . .          .
                       - Unarmed
rCold   . . .        (no shield)
rNeg    . . .        (helmet currently unavailable)
rPois   +            (no amulet)
rElec   .            e - ring of poison resistance
rCorr   .            (no ring)
SInv    .            (no ring)
Will    .....        (no ring)
Stlth   ++           (no ring)
HPRegen 0.24/turn    (no ring)
MPRegen 0.09/turn    (no ring)
                     (no ring)

%: no passive effects
@: beast-form
A: beast (slay +1), almost no armour, amphibious, 8 rings, camouflage 1,
gelatinous body 1, (nimble swimmer 1), tentacles
a: Begin Untransformation


You were on level 3 of the Dungeon.
You were a hulking beast.
You visited 1 branch of the dungeon, and saw 3 of its levels.

You collected 74 gold pieces.

Inventory:

Hand Weapons
 m - a +2 heavy trident
   (You found it on level 3 of the Dungeon)
Missiles
 d - 7 stones
 l - 3 poisoned darts (quivered)
Jewellery
 e - a ring of poison resistance (left tentacle)
   (You found it on level 1 of the Dungeon)
Talismans
 b - a beast talisman
 c - a flux talisman
Scrolls
 f - 2 scrolls of noise {unknown}
 g - a scroll of poison {unknown}
 h - a scroll of enchant armour {unknown}
 j - 2 scrolls of identify {unknown}
 n - a scroll of teleportation {unknown}
 o - a scroll of fog {unknown}
Potions
 a - 2 potions of lignification {!q}
 i - a potion of attraction {unknown}
 k - a potion of invisibility {unknown}


   Skills:
 - Level 2.0 Fighting
 - Level 2.0 Dodging
 + Level 5.1 Unarmed Combat
 - Level 3.0 Shapeshifting


You had 3 spell levels left.
You didn't know any spells.
Your spell library contained the following spells:

 Spells                   Type           Power      Damage    Failure   Level
 Sting                    Tmut/Pois      0%         1d3       32%         1
 Poisonous Vapours        Pois/Air       0%         N/A       45%         2
 Olgreb's Toxic Radiance  Pois           0%         N/A       97%         4


Dungeon Overview and Level Annotations

Branches:
Dungeon (3/15)

Altars:

Shops:
D:2 :

Annotations:
D:3 Jessica


Innate Abilities, Weirdness & Mutations

You are a hulking beast.
Your limbs bulge with bestial killing power. (Slay +1)
You cannot wear most types of armour.
You are amphibious.
You can wear up to eight rings at the same time.
Your skin changes colour to match your surroundings (Stealth+).
Your rubbery body absorbs attacks. (AC +1, EV +1)
((You are camouflaged when in or above water. (Stealth+)))
You have tentacles for arms and can constrict up to eight enemies at once.


Message History

You miss the bat. Your grab misses the bat. You squeeze the bat.
You kill the bat!
No target in view!
Found a stone staircase leading down.
Found 4 poisoned darts.
You see here 4 poisoned darts.
l - 4 poisoned darts An adder comes into view.
Throw: 4 darts (poison)
Press: ? - help, Q - select action, (/) - cycle Shift-Dir - straight line, f - adder
Aim: an adder (asleep, 98% to hit)
You throw a poisoned dart. The poisoned dart hits the adder.
The adder is poisoned.
Throw: 3 darts (poison)
Press: ? - help, Q - select action, (/) - cycle Shift-Dir - straight line, f/p - adder
Aim: an adder (poisoned, 35% to hit)
You throw a poisoned dart.
The poisoned dart closely misses the adder.
The adder closely misses you.
You bludgeon the adder! You grab the adder. You constrict the adder.
You kill the adder!
l - 3 poisoned darts (gained 1)
Found a scroll labelled XYOLULI OLOE.
j - 2 scrolls labelled XYOLULI OLOE (gained 1)
Found a runed trident.
You see here a +2 heavy trident.
m - a +2 heavy trident You open the door.
There is an open door here.
Found a scroll labelled SYNNEQ OBEOBRA.
n - a scroll labelled SYNNEQ OBEOBRA
Found a scroll labelled TEWNOLUADGH and 19 gold pieces.
o - a scroll labelled TEWNOLUADGH No target in view!
Jessica the Apprentice Sorceress comes into view.
She is wielding a +3 spectral club.
You see here 19 gold pieces.
Jessica shouts, "I don't like beings like you!"
Jessica hits you with a +3 spectral club.
The +3 spectral club hits you.
A +3 spectral club comes into view.
You tentacle-slap Jessica. Your grab misses Jessica.
Your squeeze misses Jessica. The +3 spectral club hits you!
Jessica hits you with a +3 spectral club.
The +3 spectral club hits you!
* * * LOW HITPOINT WARNING * * *
You barely miss Jessica. You grab Jessica. You constrict Jessica.
The +3 spectral club hits you.
* * * LOW HITPOINT WARNING * * *
The +3 spectral club hits you.
You die...

####.##.###.#.#######..#
..##.#.#.....#....... .
..###.#.###.#.#.#.....
....###.#.........+.....
.............<#.#.#.....
..........#####.#.#.##..
#######...........#..#..
######<#.#####.####.#..
.....#h#.##............
##.@(...#.##.####.##.
.....#.#..#.##.........
####.#.#.....#.####.##.
........#..#......##.
................#.#..
###.#...$........#.#.#
#.##.###.##....#.#.. #.
#. #..........#.#


You could see a +3 spectral club and Jessica.

Vanquished Creatures
  4 adders
  2 worms (D:2)
  A dart slug (D:1)
  6 orcs (D:2)
  5 bats
  4 endoplasms (D:1)
  A giant cockroach (D:1)
  A goblin (D:1)
  4 hobgoblins (D:1)
  11 jackals
  2 quokkas
  6 ball pythons
  A frilled lizard (D:2)
  6 kobolds
  4 rats
58 creatures vanquished.

Notes
Turn   | Place    | Note
-------+----------+-------------------------------------------
     0 | D:1      | James the Octopode Shapeshifter began the quest for the
                  | Orb.
     0 | D:1      | Reached XP level 1. HP: 13/13 MP: 1/1
   133 | D:1      | Reached XP level 2. HP: 16/19 MP: 2/2
   303 | D:1      | Reached XP level 3. HP: 24/24 MP: 3/3
   390 | D:1      | You fall into a shaft and drop 1 floor!
   639 | D:1      | Reached skill level 4 in Unarmed Combat
  1231 | D:2      | Found Enexomm's Book Emporium.
  1275 | D:2      | Identified the +3 ring mail of the Past {Harm Regen+ Int+2
                  | Dex+3}
  1313 | D:2      | Reached XP level 4. HP: 29/29 MP: 4/4
  1867 | D:2      | Reached skill level 5 in Unarmed Combat
  1925 | D:2      | Found a faded altar of an unknown god.
  2301 | D:3      | Noticed Jessica
  2311 | D:3      | Slain by a +3 spectral club

Illustrated notes

Levels and vault maps discovered:
D:1:      kennysheep_arrival_seaside, layout_basic
D:2:      layout_rooms, hellmonk_ecumenical_altar_defaced_shrine, serial_shops,
          nicolae_shop_just_a_little_nook, minmay_tree_intersection,
          serial_bayou_pond_c, minmay_misc_feat_columns, reono_crystal_passage,
          minmay_pentomino_x2
D:3:      layout_basic, worldfamousw_hep_ancestral_shrine,
          nicolae_wu_jian_glorious_leap, mainiacjoe_overflow_cross_hatched,
          chequers_serial_rivers_room_a, minmay_checkerbox, uniq_jessica

Skill      XL: |  1  2  3  4 |
---------------+-------------+-----
Fighting       | 2 |  2.0
Unarmed Combat | 4 5 |  5.1
Dodging        | |  2.0
Shapeshifting  | |  3.0

Action                     |  1- 3 |  4- 6 || total
---------------------------+-------+-------++-------
  Melee: Unarmed           |    67 |    38 ||   105
         Constrict         |    20 |    11 ||    31
         Tentacles         |    17 |     5 ||    22
         Punch             |     2 |     2 ||     4
  Throw: Dart              |       |     2 ||     2
   Stab: Sleeping          |     3 |     4 ||     7
 Armour: Skin              |    25 |    23 ||    48
  Dodge: Dodged            |    36 |    11 ||    47

Table legend: (Time is in decaauts)
 A = Elapsed time spent in this place.
 B = Non-inter-level travel time spent in this place.
 C = Inter-level travel time spent in this place.
 D = Time resting spent in this place.
 E = Time spent auto-exploring this place.
 F = Levels seen in this place.
 G = Mean time per level.
                   A        B        C        D        E       F      G
               +--------+--------+--------+--------+--------+-----+--------+
         Total |   2305 |   2226 |     79 |     93 |   1697 |   3 |  768.3 |
       Dungeon |   2305 |   2226 |     79 |     93 |   1697 |   3 |  768.3 |
               +--------+--------+--------+--------+--------+-----+--------+

Top non-repeatable levels by time:
     D:1: 1136 daAuts
     D:2: 929 daAuts
     D:3: 238 daAuts
